 Dungeon Crawl Stone Soup version 0.31-a0-18-gea43df2a32 (webtiles) character file.

Game seed: 17437855138232216871

115 vineage the Poker (level 5, 0/42 HPs)
             Began as a Merfolk Gladiator on May 11, 2023.
             Slain by Ijyb
             ... wielding a +0 club
              (4 damage)
             ... on level 3 of the Dungeon.
             The game lasted 00:02:11 (2467 turns).

vineage the Poker (Merfolk Gladiator)               Turns: 2467, Time: 00:02:12

Health: 0/42       AC:  6    Str: 16    XL:     5   Next: 0%
Magic:  5/5        EV: 13    Int:  7    God:
Gold:   145        SH:  0    Dex: 16    Spells: 4/4 levels left

rFire   . . .        a - +0 trident
rCold   + . .        (no shield)
rNeg    . . .        l - +0 ring mail
rPois   .            c - +0 helmet
rElec   .            (no cloak)
rCorr   .            (no gloves)
SInv    .            (no boots)
Will    .....        (no amulet)
Stlth   +            j - ring of protection from cold
HPRegen 0.27/turn    (no ring)
MPRegen 0.09/turn

%: no passive effects
@: no status effects
A: (nimble swimmer 2), mertail
a: no special abilities


You were on level 3 of the Dungeon.
You visited 1 branch of the dungeon, and saw 3 of its levels.

You collected 145 gold pieces.

Inventory:

Hand Weapons
 a - a +0 trident (weapon)
Missiles
 d - 3 throwing nets (quivered)
 e - a javelin
Armour
 c - a +0 helmet (worn)
 l - a +0 ring mail (worn)
Jewellery
 j - a ring of protection from cold (left hand)
 p - the amulet of Ycwocw {Spirit rElec rN+}
   (You found it on level 3 of the Dungeon)

   [amulet of guardian spirit]

   It causes incoming damage to be divided between your reserves of health and
   magic.
   rElec:     It insulates you from electricity.
   rN:        It protects you from negative energy.
Scrolls
 i - a scroll of enchant weapon
 m - a scroll of enchant armour {unknown}
 n - a scroll of blinking {unknown}
 o - a scroll of summoning {unknown}
Potions
 b - a potion of haste {unknown}
 f - 2 potions of curing
 g - a potion of mutation {unknown}
 h - a potion of attraction {unknown}
 k - 2 potions of magic {unknown}


   Skills:
 * Level 3.8 Fighting
 + Level 4.8 Polearms
 - Level 2.0 Throwing
 + Level 1.2 Armour
 + Level 4.8 Dodging


You had 4 spell levels left.
You didn't know any spells.
Your spell library contained the following spells:

 Spells                   Type           Power      Damage    Failure   Level
 Beastly Appendage        Tmut           0%         N/A       65%         1
 Foxfire                  Conj/Fire      0%         2x1d4     65%         1
 Ensorcelled Hibernation  Hex/Ice        0%         N/A       80%         2
 Wereblood                Tmut           0%         N/A       80%         2
 Spider Form              Tmut/Pois      0%         N/A       95%         3
 Anguish                  Hex/Necr       0%         N/A       100%        4
 Fireball                 Conj/Fire      0%         3d3       100%        5
 Plasma Beam              Fire/Air       0%         2x1d11    100%        6
 Starburst                Conj/Fire      0%         6d3       100%        6


Dungeon Overview and Level Annotations

Branches:
Dungeon (3/15)

Altars:

Annotations:
D:3 Ijyb


Innate Abilities, Weirdness & Mutations

((You are very nimble when in or above water. (Stealth+, EV+, Speed+++)))
Your lower body shifts to a powerful aquatic tail in water.


Message History

You are too injured to fight recklessly!
You are too injured to fight recklessly!
You are too injured to fight recklessly!
You are too injured to fight recklessly!
You are too injured to fight recklessly!
You are too injured to fight recklessly!
You are too injured to fight recklessly!
You are too injured to fight recklessly!
You hit Ijyb.
Ijyb is moderately wounded.
Ijyb screams, "It's all mine!"
Ijyb hits you with a +0 club!
You hit Ijyb.
Ijyb is heavily wounded.
Ijyb closely misses you.
You completely miss Ijyb.
Ijyb is heavily wounded.
Ijyb misses you.
You barely miss Ijyb.
Ijyb is heavily wounded.
Ijyb zaps a wand.
The puff of flame hits you!
* * * LOW HITPOINT WARNING * * *
It was a potion of curing.
You feel better. Ijyb hits you with a +0 club.
You puncture Ijyb!
Ijyb is almost dead.
Ijyb screams, "Die!"
Ijyb zaps a wand.
The puff of flame hits you.
* * * LOW HITPOINT WARNING * * *
You closely miss Ijyb.
Ijyb is almost dead.
Ijyb hits you but does no damage.
You closely miss Ijyb.
Ijyb is almost dead.
Ijyb zaps a wand.
The puff of flame hits you!
* * * LOW HITPOINT WARNING * * *
You hit Ijyb but do no damage.
Ijyb is almost dead.
Ijyb screams, "Me stronger than you!" Ijyb hits you with a +0 club.
You die...

##...## #.#
#.....## #.#
.......## #.#
........# #.#
........... #.#
........### #.#
........# #.#
#.....#.#####.###.#
##...##.##.....g@.#
###+## ##.##.#####
..#.# #.#.# ....##
#....## #.....#
...†.#####.
#..........


You could see Ijyb (strong).

Vanquished Creatures
  4 adders
  2 worms
  A dart slug (D:3)
  6 ball pythons
  7 bats
  5 endoplasms
  2 giant cockroaches
  5 goblins
  5 hobgoblins
  4 jackals (D:3)
  4 kobolds
  9 quokkas
  3 frilled lizards
  10 rats
67 creatures vanquished.

Notes
Turn   | Place    | Note
-------+----------+-------------------------------------------
     0 | D:1      | vineage the Merfolk Gladiator began the quest for the Orb.
     0 | D:1      | Reached XP level 1. HP: 16/16 MP: 1/1
   130 | D:1      | Reached XP level 2. HP: 23/23 MP: 2/2
   557 | D:1      | Reached XP level 3. HP: 22/28 MP: 3/3
  1056 | D:2      | Found a faded altar of an unknown god.
  1168 | D:2      | Reached skill level 1 in Armour
  1168 | D:2      | Reached XP level 4. HP: 24/35 MP: 4/4
  2301 | D:3      | Reached XP level 5. HP: 30/42 MP: 5/5
  2409 | D:3      | Identified the amulet of Ycwocw {Spirit rElec rN+}
  2453 | D:3      | Noticed Ijyb
  2467 | D:3      | Slain by Ijyb

Illustrated notes

Levels and vault maps discovered:
D:1:      eino_arrival_water_star, layout_rooms, chequers_jeans,
          wad_floor_pattern_2, chequers_garden
D:2:      layout_loops_ring, hellmonk_ecumenical_altar_run_dry,
          minmay_misc_feat_secret_circle, minmay_misc_feat_four_crosses
D:3:      layout_loops_corners, minmay_fractal_squares_gapless_5, uniq_ijyb

Skill      XL: |  1  2  3 |
---------------+----------+-----
Fighting       | 3 |  3.8
Armour         | 1 |  1.2
Polearms       | |  4.8
Throwing       | |  2.0
Dodging        | |  4.8

Action                     |  1- 3 |  4- 6 || total
---------------------------+-------+-------++-------
  Melee: Trident           |   122 |   110 ||   232
         Punch             |       |     1 ||     1
    Use: Scroll            |     3 |       ||     3
         Potion            |       |     1 ||     1
   Stab: Sleeping          |     1 |       ||     1
 Armour: Leather armour    |    37 |     2 ||    39
         Ring mail         |       |    19 ||    19
  Dodge: Dodged            |   122 |    41 ||   163

Table legend: (Time is in decaauts)
 A = Elapsed time spent in this place.
 B = Non-inter-level travel time spent in this place.
 C = Inter-level travel time spent in this place.
 D = Time resting spent in this place.
 E = Time spent auto-exploring this place.
 F = Levels seen in this place.
 G = Mean time per level.
                   A        B        C        D        E       F      G
               +--------+--------+--------+--------+--------+-----+--------+
         Total |   2480 |   2405 |     75 |    100 |   1845 |   3 |  826.7 |
       Dungeon |   2480 |   2405 |     75 |    100 |   1845 |   3 |  826.7 |
               +--------+--------+--------+--------+--------+-----+--------+

Top non-repeatable levels by time:
     D:1: 902 daAuts
     D:2: 830 daAuts
     D:3: 747 daAuts
